 Dungeon Crawl Stone Soup version 0.29.1-15-g9cfb28693d (webtiles) character file.

Game seed: 6499752613797942557

165 javelincjr the Magician (level 5, 0/38 HPs)
             Began as a Demonspawn Hedge Wizard on Apr 6, 2023.
             Was a Follower of Makhleb.
             Slain by a gnoll bouda
             ... wielding a +0 club
              (4 damage)
             ... on level 4 of the Dungeon.
             The game lasted 00:10:33 (3771 turns).

javelincjr the Magician (Demonspawn Hedge Wizard)   Turns: 3771, Time: 00:10:34

Health: 0/38       AC:  2    Str: 13    XL:     5   Next: 22%
Magic:  8/10       EV: 12    Int: 15    God:    Makhleb [*.....]
Gold:   179        SH:  4    Dex: 12    Spells: 6/11 levels left

rFire   . . .      SeeInvis .   i - +0 dagger (drain)
rCold   . . .      Faith    .   (no shield)
rNeg    . . .      Spirit   .   b - +0 robe
rPois   .          Reflect  .   c - +0 hat
rElec   .          Harm     .   (no cloak)
rCorr   .          Rampage  .   (no gloves)
Will    .....                   (no boots)
Stlth   ++........              g - amulet of the acrobat
HPRegen 0.12/turn               (no ring)
MPRegen 0.12/turn               (no ring)

@: no status effects
A: claws 1, horns 1, condensation shield
a: Renounce Religion


You were on level 4 of the Dungeon.
You worshipped Makhleb.
Makhleb was aware of your devotion.
You visited 1 branch of the dungeon, and saw 4 of its levels.

You collected 179 gold pieces.

Inventory:

Hand Weapons
 a - a +0 dagger
 i - a +0 dagger of draining (weapon)
Missiles
 y - 6 poisoned darts
Armour
 b - a +0 robe (worn)
 c - a +0 hat (worn)
Magical Staves
 f - a staff of cold
Jewellery
 g - an amulet of the acrobat (around neck)
 q - an amulet of guardian spirit
Wands
 A - a wand of flame (8)
Scrolls
 e - 3 scrolls of vulnerability {unknown}
 h - 2 scrolls of amnesia {unknown}
 j - 3 scrolls of identify {unknown}
 l - 2 scrolls of immolation {unknown}
 n - a scroll of noise {unknown}
 s - a scroll of teleportation {unknown}
 t - a scroll of magic mapping {unknown}
 w - a scroll of poison {unknown}
 x - a scroll of enchant armour {unknown}
 z - a scroll of fog {unknown}
Potions
 m - a potion of might {unknown}
 o - a potion of degeneration {unknown}
 p - a potion of lignification {unknown}
 r - 3 potions of brilliance {unknown}
 u - a potion of resistance {unknown}
 v - a potion of curing {unknown}


   Skills:
 * Level 1.8 Fighting
 + Level 1.0 Armour
 + Level 2.2 Dodging
 - Level 1.8 Stealth
 * Level 3.6 Spellcasting
 + Level 2.0 Conjurations
 + Level 1.6 Summonings
 + Level 1.6 Translocations
 + Level 1.0 Ice Magic


You had 6 spell levels left.
You knew the following spells:

 Your Spells              Type           Power      Damage    Failure   Level
a - Magic Dart            Conj           32%        1d4       9%          1
b - Call Imp              Summ           7%         N/A       14%         2
c - Blink                 Tloc           14%        N/A       14%         2

Your spell library contained the following spells:

 Spells                   Type           Power      Damage    Failure   Level
 Slow                     Hex            8%         N/A       19%         1
 Conjure Flame            Conj/Fire      5%         6-21      36%         3
 Mephitic Cloud           Conj/Pois/Air  4%         N/A       38%         3
 Confusing Touch          Hex            2%         N/A       50%         3
 Yara's Violent Unravell  Hex/Tmut       1%         3d3       99%         5
 Enfeeble                 Hex            1%         N/A       100%        7


Dungeon Overview and Level Annotations

Branches:
Dungeon (4/15)
 Temple: D:4-7

Altars:
Makhleb
Nemelex Xobeh


Innate Abilities, Weirdness & Mutations

You have sharp fingernails.
You have a pair of small horns on your head.
A meltable shield of frost defends you. (SH +4)


Message History

You barely miss the gnoll bouda.
The gnoll bouda is lightly wounded.
The gnoll bouda hits you with a +0 club.
You closely miss the gnoll bouda.
The gnoll bouda is lightly wounded.
The gnoll bouda hits you with a +0 club!
You hit the gnoll bouda. You drain the gnoll bouda.
Your headbutt misses the gnoll bouda.
The gnoll bouda is moderately wounded.
The gnoll bouda gazes fiercely through you!
You feel your attacks grow feeble. The gnoll bouda barely misses you.
You hit the gnoll bouda but do no damage.
The gnoll bouda is moderately wounded.
The gnoll bouda hits you with a +0 club!
* * * LOW HITPOINT WARNING * * *
You hit the gnoll bouda. You drain the gnoll bouda.
Your headbutt misses the gnoll bouda.
The gnoll bouda is heavily wounded.
The gnoll bouda misses you.
You hit the gnoll bouda but do no damage.
You drain the gnoll bouda. Your headbutt misses the gnoll bouda.
The gnoll bouda is severely wounded.
The gnoll bouda hits you with a +0 club.
* * * LOW HITPOINT WARNING * * *
Your crimson imp blinks!
You closely miss the gnoll bouda.
The gnoll bouda is severely wounded.
The gnoll bouda mumbles some strange prayers to its god.
The gnoll bouda is healed somewhat.
Your crimson imp blinks!
You hit the gnoll bouda but do no damage.
You headbutt the gnoll bouda, but do no damage.
The gnoll bouda is heavily wounded.
Your attacks no longer feel as feeble.
The gnoll bouda completely misses you.
Your crimson imp hits the gnoll bouda.
You hit the gnoll bouda. You drain the gnoll bouda.
The gnoll bouda is almost dead.
The gnoll bouda hits you with a +0 club.
You die...

#.................
#....)............
#.................
#.................
##+####....)............
..............##'#########
..............#..5.......#
..............#.g......§.#
...........g..#.@........#
......§.......#.)........#
..............#.<........#
.....§§.......#..........#
..............#..........#
..............###'####...#
#+######+##+####...###'#########
#...#............
#...#............


You could see a gnoll bouda (very drained, ally target) and a friendly crimson
imp (summoned).

Vanquished Creatures
  5 gnolls
  5 adders
  2 worms (D:2)
  4 dart slugs
  An orc (D:3)
  7 ball pythons
  3 endoplasms (D:1)
  3 giant cockroaches (D:3)
  2 goblins
  2 hobgoblins
  2 jackals (D:3)
  2 kobolds
  A quokka (D:2)
  3 bats
  3 frilled lizards
  6 rats
51 creatures vanquished.

Vanquished Creatures (collateral kills)
  A gnoll (D:4)
  A kobold (D:2)
2 creatures vanquished.

Vanquished Creatures (others)
  2 fungi (D:1)
2 creatures vanquished.

Grand Total: 55 creatures vanquished

Notes
Turn   | Place    | Note
-------+----------+-------------------------------------------
     0 | D:1      | javelincjr the Demonspawn Hedge Wizard began the quest for
                  | the Orb.
     0 | D:1      | Reached XP level 1. HP: 13/13 MP: 4/4
   169 | D:1      | Reached skill level 1 in Translocations
   438 | D:1      | Gained mutation: A meltable shield of frost defends you.
                  | (SH +4) [demonic ancestry]
   438 | D:1      | Reached XP level 2. HP: 12/19 MP: 0/6
  1065 | D:2      | Found a sparkling altar of Nemelex Xobeh.
  1242 | D:2      | Reached XP level 3. HP: 25/25 MP: 1/7
  1440 | D:2      | Learned a level 2 spell: Call Imp
  1443 | D:2      | Learned a level 2 spell: Blink
  1509 | D:2      | Reached skill level 1 in Fighting
  1797 | D:2      | Discovered your monstrous ancestry.
  1797 | D:2      | Gained mutation: You have a pair of small horns on your
                  | head. [demonic ancestry]
  1797 | D:2      | Reached XP level 4. HP: 32/32 MP: 3/9
  2629 | D:3      | Found a faded altar of an unknown god.
  2634 | D:3      | Prayed at the altar of an unknown god.
  2634 | D:3      | Became a worshipper of Makhleb the Destroyer
  2634 | D:3      | Reached * piety under Makhleb
  2720 | D:3      | Found a sparkling altar of Nemelex Xobeh.
  2745 | D:3      | Reached skill level 1 in Ice Magic
  3361 | D:4      | Reached skill level 1 in Armour
  3361 | D:4      | Gained mutation: You have sharp fingernails. [demonic
                  | ancestry]
  3361 | D:4      | Reached XP level 5. HP: 27/38 MP: 5/10
  3771 | D:4      | Slain by a gnoll bouda

Illustrated notes

Levels and vault maps discovered:
D:1:      dpeg_arrival_concentric_ovals, layout_basic,
          dreamdust_mushroom_princess
D:2:      layout_basic, basic_altar, minivault_11
D:3:      layout_rooms, nemelex_spade_bored_becter,
          hellmonk_ecumenical_altar_lost_god, minmay_box_of_dots
D:4:      layout_gridville, mainiacjoe_overflow_concentric_impassable,
          marbit_many_paths

Skill      XL: |  1  2  3  4  5 |
---------------+----------------+-----
Translocations | 1 |  1.6
Dodging        | 2 |  2.2
Fighting       | 1 |  1.8
Ice Magic      | 1 |  1.0
Armour         | 1 |  1.0
Conjurations   | 2 |  2.0
Stealth        | |  1.8
Spellcasting   | |  3.6
Summonings     | |  1.6

Action                   |  1- 3 |  4- 6 || total
-------------------------+-------+-------++-------
Melee: Dagger            |    49 |    48 ||    97
       Headbutt          |       |     4 ||     4
 Cast: Magic Dart        |    52 |    71 ||   123
       Call Imp          |     4 |     3 ||     7
       Blink             |       |     2 ||     2
  Use: Potion            |       |     2 ||     2
Armor: Robe              |     6 |     4 ||    10
Dodge: Dodged            |    34 |    35 ||    69
Block: Other             |     2 |     6 ||     8
